 Dungeon Sprint DCSS version 0.17-a0-1714-g35622ae (webtiles) character file.

2400000 ztt the Executioner (level 16, -27/96 HPs)
             Began as a Vine Stalker Gladiator on Aug 23, 2015.
             Was a Priest of Makhleb.
             Killed from afar by a large bag of meat (38 damage)
             ... with an exploding inner flame
             ... in the Dungeon (Sprint VIII: "Arena of Blood").
             The game lasted 00:00:48 (24 turns).

ztt the Executioner (Vine Stalker Gladiator)          Turns: 24, Time: 00:00:48

Health: -27/96     AC:  4    Str: 23    XL:     16   Next: 73%
Magic:  0/17       EV: 31    Int:  8    God:    Makhleb [***...]
Gold:   0          SH:  0    Dex: 17    Spells: 0 memorised, 15 levels left

rFire  . . .     SeeInvis .     l - +∞ Axe of Woe
rCold  . . .     Clarity  .     b - +0 leather armour
rNeg   . . .     SustAt   .     (no shield)
rPois  .         Gourm    .     c - +0 helmet
rElec  .         Spirit   +     (no cloak)
rCorr  .         Warding  .     (no gloves)
rMut   .         NoTele   +     (no boots)
MR     ++...                    (no amulet)
Stlth  +.........               (no ring)
                                m - +30 ring of slaying

@: very resistant to hostile enchantments, very unstealthy
A: fangs 3, regeneration 3, magic shield, antimagic bite, no device heal 3, rot
immunity
a: Minor Destruction, Lesser Servant of Makhleb, Renounce Religion


You were in the Dungeon.
You worshipped Makhleb.
Makhleb was most pleased with you.
You were not hungry.

You visited 1 branch

Inventory:

Hand weapons
 a - a +0 war axe
 l - the +∞ Axe of Woe (weapon)
   (You found it in the Dungeon)
 p - a +9 war axe
Missiles
 d - 3 throwing nets (quivered)
Armour
 b - a +0 leather armour (worn)
 c - a +0 helmet (worn)
Jewellery
 m - a +30 ring of slaying (left hand)
 n - a +30 ring of slaying
 o - a +30 ring of slaying
Scrolls
 k - a scroll of blinking
Potions
 f - a potion of curing
 g - a potion of heal wounds
 h - a potion of haste
 i - 2 potions of magic
 j - a potion of berserk rage
Comestibles
 e - a bread ration


   Skills:
 + Level 16.1 Fighting
 + Level 26.3 Axes
 + Level 14.9 Throwing
 + Level 24.1 Dodging


You had 15 spell levels left.
You didn't know any spells.

Dungeon Overview and Level Annotations

Branches:
Dungeon (1/1)

Altars:
Makhleb


Innate Abilities, Weirdness & Mutations

You have razor-sharp teeth.
You regenerate.
When hurt, damage is shared between your health and your magic reserves.
Your bite disrupts and absorbs the magic of your enemies.
Potions and wands cannot restore your health.
You are immune to rotting.


Message History

You hear a shout! x6 2 orcs come into view.
Unknown command.
Unknown command.
The bag of meat shouts! x2
You slash the large bag of meat!
You dissect the large bag of meat like a pig carcass.
The large bag of meat explodes!
The fiery explosion engulfs you!
* * * LOW HITPOINT WARNING * * *
The fiery explosion engulfs the large bag of meat.
Makhleb accepts your kill.
Your Fighting skill increases to level 16!
Your Axes skill increases to level 26!
Your Dodging skill increases to level 24!
You slice the large bag of meat!!
You butcher the large bag of meat messily.
The large bag of meat explodes!
The fiery explosion engulfs you!
You die...

.... .. ... ..
#.. .# . #.. ..#
..###.. ..###o
.......###......
.......§§§..O...
....#.§§§.#....
. #_§@§§# .
#..§§.#
.....§.§.o..
.....O###...%O.
..###.. .%###. .
#.. ..# #o. ..#
... ..


You could see 3 meat berserkers and 3 bags of meat.

Vanquished Creatures
  2 ogres (D)
  4 orcs (D)
  A hill giant (D)
7 creatures vanquished.

Notes
Turn   | Place    | Note
--------------------------------------------------------------
     0 | D        | ztt the Vine Stalker Gladiator began the quest for the Orb.
     0 | D        | Reached XP level 1. HP: 11/11 MP: 2/2
     4 | D        | Became a worshipper of Makhleb the Destroyer
     9 | D        | Noticed a bag of meat
    10 | D        | Noticed a meat berserker
    11 | D        | Noticed a bag of meat
    11 | D        | Noticed a bag of meat
    12 | D        | Killed a meat berserker
    12 | D        | Reached skill level 11 in Fighting
    12 | D        | Reached skill level 19 in Axes
    12 | D        | Reached skill level 10 in Throwing
    12 | D        | Reached XP level 2. HP: 13/25 MP: 3/3
    12 | D        | Reached XP level 3. HP: 15/30 MP: 4/4
    12 | D        | Reached XP level 4. HP: 17/35 MP: 5/5
    12 | D        | Reached XP level 5. HP: 18/38 MP: 6/6
    12 | D        | Gained mutation: You heal very quickly. [Vine Stalker growth]
    12 | D        | Reached XP level 6. HP: 20/43 MP: 7/7
    12 | D        | Reached XP level 7. HP: 21/47 MP: 8/8
    12 | D        | Gained mutation: You have razor-sharp teeth. [Vine Stalker growth]
    12 | D        | Reached XP level 8. HP: 23/52 MP: 9/9
    12 | D        | Reached XP level 9. HP: 24/56 MP: 10/10
    12 | D        | Reached XP level 10. HP: 25/60 MP: 11/11
    12 | D        | Reached XP level 11. HP: 27/65 MP: 12/12
    12 | D        | Gained mutation: You regenerate. [Vine Stalker growth]
    12 | D        | Reached XP level 12. HP: 29/70 MP: 13/13
    12 | D        | Reached XP level 13. HP: 30/74 MP: 14/14
    13 | D        | Noticed a bag of meat
    13 | D        | Noticed a bag of meat
    14 | D        | Killed a bag of meat
    14 | D        | Acquired Makhleb's first power
    14 | D        | Reached skill level 20 in Axes
    14 | D        | Reached XP level 14. HP: 34/79 MP: 15/15
    15 | D        | Killed a bag of meat
    15 | D        | Reached skill level 21 in Axes
    15 | D        | Killed a bag of meat
    15 | D        | Acquired Makhleb's second power
    15 | D        | Reached skill level 22 in Axes
    15 | D        | Reached XP level 15. HP: 36/86 MP: 16/16
    16 | D        | Killed a bag of meat
    16 | D        | Reached skill level 23 in Axes
    19 | D        | Noticed a meat berserker
    20 | D        | Noticed a bag of meat
    20 | D        | Noticed a meat berserker
    20 | D        | Noticed a large bag of meat
    20 | D        | Killed a meat berserker
    20 | D        | Acquired Makhleb's third power
    20 | D        | Reached skill level 15 in Fighting
    20 | D        | Reached skill level 25 in Axes
    20 | D        | Reached XP level 16. HP: 92/95 MP: 17/17
    21 | D        | Noticed a meat berserker
    22 | D        | Noticed a meat berserker
    22 | D        | Noticed a large bag of meat
    23 | D        | Noticed a meat berserker
    24 | D        | Noticed a bag of meat
    24 | D        | Noticed a bag of meat
    24 | D        | Killed a large bag of meat
    24 | D        | Reached skill level 26 in Axes
    24 | D        | Killed a large bag of meat
    24 | D        | Killed from afar by a large bag of meat

Vault maps used:
D:        meatsprint

Action                   |  1- 3 |  4- 6 |  7- 9 | 10-12 | 13-15 | 16-18 || total
-------------------------+-------+-------+-------+-------+-------+-------++-------
Melee: Executioner's axe |     1 |       |       |       |     4 |     1 ||     6
